Map: [EWC] Oceanborn

Players

ByuN

  • Race: Terran Terran
  • Spawn Location: 5:00

Oliveira - Winner!

  • Race: Terran Terran
  • Spawn Location: 11:00

Event: Esports World Cup 2024

VOD

Have the link to the VOD?

Description

Time

  • Played on: Aug. 16, 2024, 8:03 a.m.
  • Length: 14:56

All games in this series

Show
View Real Time Build Order
Export as new Build Order

ByuN Terran 

Build Orders:  

Get SALT Encoding   

  12  0:00  SCV  
  13  0:12  SCV  
  14  0:17  Supply Depot  
  14  0:24  SCV  
  15  0:38  SCV  
  15  0:40  Barracks  
  16  0:43  Refinery  
  16  0:55  Barracks  
  16  0:59  SCV  
  17  1:09  Refinery  
  17  1:11  SCV  
  19  1:26  Reaper  
  19  1:28  Orbital Command  
  19  1:40  Supply Depot  
  19  1:42  Reaper  
  20  1:54  SCV  
  21  1:58  Reaper  
  22  2:06  SCV  
  23  2:10  Factory  
  23  2:16  Reaper  
  23  2:19  SCV  
  25  2:31  SCV  
  25  2:35  Reaper  
  27  2:46  Command Center  
  27  2:47  SCV  
  27  2:50  Reaper  
  29  2:55  Hellion  
  31  3:07  SCV  
  30  3:16  Cyclone  
  30  3:19  Starport  
  30  3:20  Barracks Reactor  
  30  3:22  SCV  
  31  3:40  Supply Depot  
  31  3:54  Factory Tech Lab  
  31  3:57  SCV, Medivac  
  31  3:58  Orbital Command  
  31  3:59  Marine x2  
  37  4:10  SCV  
  37  4:13  Siege Tank  
  40  4:18  Refinery  
  40  4:22  SCV, Marine x2  
  43  4:26  SCV  
  44  4:34  SCV  
  44  4:35  Barracks Tech Lab  
  44  4:37  Supply Depot  
  44  4:38  SCV  
  49  4:40  Marine x2  
  51  4:46  SCV  
  51  4:49  Viking  
  51  4:50  SCV  
  52  4:53  Cyclone  
  52  4:58  Marine x2  
  52  4:59  SCV  
  57  5:02  SCV  
  58  5:11  SCV  
  57  5:14  SCV  
  57  5:16  Marine x2  
  57  5:23  SCV  
  57  5:26  SCV  
  57  5:28  Siege Tank  
  60  5:31  Marine, Stimpack  
  60  5:35  SCV  
  62  5:37  Starport Reactor  
  62  5:40  SCV, Marine x2  
  65  5:45  Command Center  
  65  5:47  SCV  
  66  5:52  SCV  
  66  5:53  Marine  
  68  5:59  SCV  
  68  6:02  Engineering Bay  
  69  6:04  SCV  
  69  6:05  Engineering Bay  
  68  6:11  SCV  
  68  6:16  SCV  
  57  6:23  SCV, Marine  
  54  6:25  Siege Tank  
  54  6:27  Medivac x2  
  54  6:31  Terran Infantry Weapons Level 1  
  61  6:33  SCV  
  61  6:35  SCV  
  61  6:37  Terran Infantry Armor Level 1  
  63  6:42  Marine x3  
  66  6:48  SCV x2  
  66  6:49  Supply Depot  
  68  6:59  Siege Tank  
  68  7:00  Marine x3  
  74  7:02  SCV  
  74  7:03  SCV  
  76  7:08  Orbital Command  
  76  7:12  Starport Reactor  
  76  7:13  Barracks  
  76  7:16  SCV x2  
  76  7:18  Marine x3  
  81  7:23  Supply Depot  
  81  7:28  Orbital Command  
  81  7:31  Siege Tank  
  81  7:36  Marine x3  
  87  7:38  Combat Shield  
  87  7:39  SCV  
  87  7:40  SCV  
  89  7:44  Barracks  
  89  7:46  Barracks  
  89  7:50  Refinery, Armory  
  89  7:51  SCV  
  89  7:53  SCV, Marine  
  89  7:54  Marine x2  
  94  7:59  Marine, Medivac x2  
  99  8:06  SCV x2  
  99  8:10  SCV  
  99  8:11  Supply Depot, Marine x3  
  105  8:13  Marine  
  105  8:17  Marine  
  105  8:18  SCV x2  
  109  8:28  SCV  
  109  8:29  Marine  
  109  8:32  SCV x2, Marine x2  
  113  8:35  Marine x2  
  113  8:40  SCV, Siege Tank, Barracks Reactor  
  108  8:41  Barracks Reactor  
  108  8:42  Medivac x2  
  108  8:44  SCV x2  
  114  8:48  Marine  
  114  8:50  Marine x2  
  114  8:52  Supply Depot  
  114  8:53  Supply Depot  
  117  8:55  Terran Infantry Weapons Level 2  
  117  8:58  SCV x2, Terran Infantry Armor Level 2  
  119  9:06  SCV  
  119  9:08  Marine x2  
  119  9:09  Marine x2  
  124  9:10  SCV  
  124  9:13  Siege Tank  
  124  9:14  SCV  
  124  9:15  Marine  
  122  9:18  SCV, Marine x2  
  122  9:19  Marine x2  
  122  9:23  SCV  
  123  9:26  SCV, Marine x2  
  123  9:27  Marine x2  
  123  9:30  SCV  
  91  9:33  Marine  
  91  9:35  SCV  
  91  9:36  Marine x2  
  88  9:42  Marine x2  
  88  9:43  SCV  
  88  9:44  Marine  
  86  9:46  Medivac x2  
  86  9:49  Siege Tank, Marine  
  93  9:53  SCV x2  
  93  9:55  SCV  
  93  9:56  Marine x2  
  93  9:58  Marine  
  99  10:04  Marine x2  
  94  10:07  Marine x3  
  94  10:08  Marine  
  96  10:16  Medivac x2  
  96  10:20  Marine x3  
  103  10:21  Siege Tank  
  103  10:22  Marine x2  
  103  10:25  Marine x3  
  111  10:31  Marine  
  111  10:33  SCV  
  98  10:37  SCV  
  98  10:38  SCV, Marine x3  
  98  10:41  Marine x2  
  95  10:43  Marine x3  
  95  10:45  SCV  
  95  10:49  SCV, Marine  
  100  10:50  SCV  
  100  10:55  Siege Tank  
  100  10:56  Marine x3, Medivac x2  
  111  10:59  Marine  
  112  11:05  Marine  
  112  11:06  Marine x4  
  112  11:09  Command Center  
  117  11:13  Marine x2, Sensor Tower  
  119  11:20  Marine x2  
  119  11:23  Marine x2  
  119  11:24  Marine x2  
  123  11:33  Marine  
  123  11:34  Marine x2  
  123  11:38  Marine x2  
  122  11:40  SCV x2, Marine  
  122  11:41  Marine x2  
  122  11:42  Marine  
  122  11:44  SCV  
  125  11:49  Missile Turret  
  125  11:50  Marine  
  125  11:52  SCV x2, Marine  
  125  11:53  Siege Tank  
  132  11:59  SCV  
  132  12:01  Refinery x2  
  133  12:03  Marine x2  
  133  12:04  SCV, Marine x4  
  133  12:06  Barracks Reactor  
  140  12:10  Factory  
  139  12:16  Marine  
  139  12:20  Marine  
  139  12:21  Marine x2  
  139  12:22  Marine  
  141  12:26  Marine  
  129  12:30  Marine x2  
  129  12:34  Marine  
  130  12:38  Marine  
  130  12:39  Marine x3  
  130  12:43  SCV x2  
  136  12:44  Marine  
  136  12:45  Orbital Command, Barracks  
  136  12:46  Barracks x2  
  136  12:50  Marine x2  
  139  12:53  Marine x3  
  139  12:55  Siege Tank  
  139  12:56  Marine  
  139  12:57  Marine x3  
  149  13:02  Marine  
  149  13:04  SCV x3, Engineering Bay x2  
  153  13:13  SCV  
  153  13:16  SCV x2  
  153  13:17  Supply Depot  
  153  13:19  Supply Depot  
  156  13:28  Supply Depot  
  156  13:32  Supply Depot, Armory  
  156  13:35  Marine x2  
  156  13:36  Supply Depot, Marine x2  
  156  13:37  SCV x2, Marine x5  
  156  13:38  SCV  
  156  13:39  Marine x2  
  143  13:43  Marine  
  140  13:49  SCV  
  140  13:50  SCV x2  
  117  13:55  Marine  
  117  13:56  Marine  
  117  14:00  Marine  
  117  14:01  SCV, Barracks Reactor  
  117  14:02  Barracks Reactor x2  
  121  14:05  Marine x3  
  121  14:06  Marine  
  121  14:07  Marine  
  121  14:09  Marine  
  125  14:20  Marine x4  
  125  14:22  Marine  
  125  14:23  Marine x2  
  116  14:24  Command Center  
Show
View Real Time Build Order
Export as new Build Order

Oliveira Terran - Winner!

Build Orders: Cyclone Opening, Gas First Reaper Expand 

Get SALT Encoding   

  12  0:00  SCV  
  13  0:12  SCV  
  14  0:17  Supply Depot  
  14  0:24  SCV  
  15  0:30  Refinery  
  15  0:39  SCV  
  16  0:44  Barracks  
  16  0:51  SCV  
  17  1:03  SCV  
  18  1:15  SCV  
  19  1:31  Reaper  
  19  1:32  Orbital Command  
  20  1:47  Command Center  
  20  1:55  Factory  
  20  1:58  SCV  
  21  2:03  Marine  
  22  2:09  Supply Depot  
  22  2:13  SCV  
  23  2:28  Marine  
  23  2:36  SCV  
  23  2:38  Cyclone  
  25  2:46  Marine  
  25  2:48  SCV  
  27  2:54  Starport  
  27  3:00  Orbital Command  
  27  3:01  Refinery  
  27  3:02  SCV  
  25  3:05  Barracks Reactor  
  21  3:15  SCV  
  21  3:23  Orbital Command  
  22  3:27  SCV, Factory Tech Lab  
  22  3:40  SCV  
  23  3:42  Marine x2  
  23  3:48  Banshee  
  28  3:49  SCV  
  28  3:52  SCV  
  28  3:54  Cyclone  
  32  4:01  SCV  
  32  4:02  Marine x2  
  35  4:04  SCV  
  35  4:05  Refinery  
  36  4:14  SCV  
  36  4:16  SCV  
  38  4:17  Supply Depot  
  38  4:21  Marine x2  
  40  4:27  SCV  
  40  4:28  SCV, Factory Tech Lab  
  44  4:31  Raven  
  44  4:35  Interference Matrix  
  44  4:39  SCV, Marine  
  44  4:40  SCV  
  44  4:45  Supply Depot  
  47  4:50  Siege Tank  
  47  4:51  SCV  
  47  4:52  SCV  
  52  5:00  Marine x2  
  52  5:07  SCV  
  55  5:14  Raven  
  57  5:15  SCV  
  57  5:19  SCV  
  59  5:22  Command Center  
  59  5:26  Siege Tank  
  59  5:27  SCV  
  60  5:32  SCV  
  60  5:33  Supply Depot  
  61  5:39  SCV  
  62  5:50  Barracks x2  
  62  5:55  SCV x2  
  64  6:00  Siege Tank  
  67  6:07  SCV  
  53  6:20  SCV  
  53  6:21  Viking x2  
  53  6:22  Marine  
  53  6:23  Stimpack  
  53  6:24  SCV  
  57  6:29  Engineering Bay  
  57  6:30  Engineering Bay  
  57  6:31  Refinery  
  57  6:32  SCV  
  58  6:34  Siege Tank, Barracks  
  58  6:36  Barracks  
  58  6:39  Orbital Command, Barracks Reactor  
  61  6:40  Barracks Reactor  
  61  6:43  SCV  
  61  6:46  Marine  
  63  6:54  Viking  
  65  6:56  SCV x2  
  65  6:58  Terran Infantry Weapons Level 1  
  65  7:00  Supply Depot  
  67  7:04  Marine  
  67  7:05  SCV  
  67  7:07  Terran Infantry Armor Level 1  
  68  7:12  SCV x2, Missile Turret  
  70  7:18  Marine x4  
  70  7:21  Siege Tank, Marine  
  78  7:22  Supply Depot  
  78  7:30  Supply Depot, Viking  
  78  7:32  Barracks Reactor  
  78  7:35  Barracks Reactor  
  78  7:36  Marine, Missile Turret  
  81  7:38  Missile Turret  
  81  7:39  Missile Turret  
  81  7:40  Marine x2  
  81  7:42  Viking  
  81  7:44  Marine  
  86  7:48  Supply Depot  
  86  7:51  Marine  
  85  7:54  Siege Tank  
  85  7:56  Marine  
  85  7:57  Marine  
  91  8:00  Marine  
  91  8:02  Combat Shield  
  91  8:05  Marine  
  93  8:11  Marine  
  93  8:12  Supply Depot, Marine x2  
  95  8:14  Marine x2, Medivac  
  100  8:21  Medivac  
  100  8:22  Marine x2  
  100  8:24  SCV  
  100  8:25  Marine  
  100  8:26  Marine  
  106  8:29  Marine  
  106  8:32  Supply Depot  
  106  8:33  Supply Depot, Orbital Command  
  108  8:35  Siege Tank  
  108  8:37  Marine x2  
  108  8:38  Marine  
  108  8:39  Marine  
  115  8:42  Marine  
  115  8:45  Marine  
  115  8:47  Marine x2  
  119  8:48  SCV x2  
  119  8:55  Marine  
  122  8:57  Medivac  
  122  9:01  Marine, Medivac  
  128  9:05  Armory  
  128  9:06  Marine x2  
  129  9:12  Marine  
  119  9:30  Marine  
  107  9:31  Marine  
  107  9:32  Marine  
  107  9:33  Marine  
  107  9:34  Siege Tank  
  107  9:36  Marine  
  98  9:42  Marine  
  98  9:44  SCV x3  
  100  9:46  Marine  
  100  9:47  Command Center  
  100  9:48  Liberator x2  
  100  9:49  Marine  
  100  9:50  Marine  
  109  9:52  Marine  
  109  9:55  Marine  
  109  9:56  SCV  
  109  9:57  Marine  
  109  9:58  Terran Infantry Weapons Level 2  
  109  9:59  Terran Infantry Armor Level 2  
  113  10:05  Marine  
  113  10:06  Marine x2  
  108  10:07  Marine  
  108  10:09  Siege Tank  
  108  10:10  SCV  
  108  10:12  Marine  
  108  10:13  Marine  
  115  10:16  Marine  
  115  10:18  Marine  
  115  10:19  Refinery x2  
  115  10:20  SCV  
  118  10:25  Marine x2, Terran Vehicle Weapons Level 1  
  118  10:26  Marine  
  118  10:27  Marine  
  116  10:38  Marine  
  116  10:40  Marine  
  116  10:41  Marine x2  
  116  10:42  Marine  
  109  10:43  Siege Tank  
  109  10:44  Viking  
  109  10:46  Marine x3  
  109  10:47  Marine  
  116  10:53  Viking  
  116  10:56  Marine  
  119  10:58  Marine  
  119  10:59  Marine  
  119  11:00  SCV x2  
  119  11:04  Marine x2  
  124  11:07  Sensor Tower  
  124  11:08  Marine  
  124  11:10  SCV  
  127  11:11  Sensor Tower  
  127  11:13  Marine  
  127  11:14  Marine, Factory  
  127  11:17  Siege Tank, Marine  
  133  11:22  Marine x2, Barracks Reactor  
  133  11:24  Marine x2  
  136  11:27  Marine  
  136  11:29  Planetary Fortress  
  136  11:31  Marine  
  136  11:32  SCV x2, Marine  
  141  11:33  SCV  
  141  11:38  Marine  
  141  11:39  Marine  
  143  11:40  Marine, Missile Turret  
  143  11:41  Marine  
  143  11:42  Marine  
  143  11:45  Marine  
  142  11:49  Marine x2  
  142  11:53  Siege Tank, Viking  
  149  11:55  Marine, Viking  
  149  12:00  Marine  
  153  12:01  Missile Turret  
  153  12:02  Supply Depot  
  153  12:03  Missile Turret  
  153  12:06  Marine x2  
  153  12:07  SCV  
  153  12:08  SCV, Marine x3  
  151  12:24  Marine  
  147  12:31  Marine x2  
  147  12:32  Siege Tank x2  
  147  12:33  Marine, Viking x2  
  147  12:36  Supply Depot  
  156  12:37  Supply Depot, Marine  
  156  12:38  Marine x2  
  159  12:48  Marine x2  
  161  12:53  Marine  
  162  12:59  SCV  
  162  13:01  Supply Depot, Marine  
  162  13:03  Marine  
  165  13:06  Siege Tank x2, Medivac  
  165  13:07  Marine x3  
  165  13:10  Medivac  
  165  13:11  Supply Depot, Marine x2  
  180  13:15  Marine  
  180  13:17  Marine x2  
  183  13:20  SCV  
  183  13:22  Marine  
  183  13:23  Marine  
  183  13:25  Marine  
  187  13:27  Marine  
  187  13:28  Marine  
  187  13:29  Command Center  
  187  13:30  Marine  
  155  13:45  Marine  
  155  13:46  Marine  
  155  13:48  Marine  
  151  13:52  Siege Tank  
  151  13:53  Siege Tank  
  151  13:54  Marine  
  154  13:56  Liberator x2  
  154  13:58  Marine  
  154  14:02  Marine  
  161  14:05  Marine, Refinery  
  161  14:06  Refinery  
  162  14:11  Marine x3  
  162  14:15  Marine x2  
  162  14:16  Marine  
  168  14:22  Marine x3  
  168  14:23  Marine  
  166  14:29  Marine x2  
Tags
 
Add a new tag
Caveats
  • Supply blocks, unpowered buildings, or Contaminate may cause inaccurate times.
  • Supply counts are checked every 10 seconds.